 Dungeon Crawl Stone Soup version 0.31.0-11-ge490571c62 (webtiles) character file.

Game seed: 3174162797973028858

452 qw the Skirmisher (level 6, 0/36 HPs)
             Began as a Deep Elf Hunter on Feb 4, 2024.
             Slain by a gnoll sergeant
             ... wielding a +2 spear of freezing
              (3 damage)
             ... on level 5 of the Dungeon.
             The game lasted 00:00:15 (4039 turns).

qw the Skirmisher (Deep Elf Hunter)                 Turns: 4039, Time: 00:00:16

Health: 0/36       AC:  5    Str: 10    XL:     6   Next: 75%
Magic:  8/8        EV: 16    Int: 14    God:
Gold:   401        SH:  0    Dex: 18    Spells: 5/5 levels left

rFire   . . .        a - +0 shortbow
rCold   . . .        (shield currently unavailable)
rNeg    . . .        e - +0 ring mail
rPois   .            (no helmet)
rElec   .            (no cloak)
rCorr   .            (no gloves)
SInv    .            (no boots)
Will    .....        (no amulet)
Stlth   +            d - +5 ring of evasion
HPRegen 0.26/turn    (no ring)
MPRegen 0.11/turn

%: no passive effects
@: no status effects
A: no striking features
a: no special abilities


You were on level 5 of the Dungeon.
You visited 1 branch of the dungeon, and saw 5 of its levels.

You collected 440 gold pieces.
You spent 39 gold pieces at shops.


   Skills:
 - Level 2.4 Fighting
 + Level 10.0 Ranged Weapons
 - Level 3.0 Dodging
 - Level 1.2 Stealth


You had 5 spell levels left.
You didn't know any spells.
Your spell library was empty.

Inventory:

Hand Weapons
 a - a +0 shortbow (weapon)
Armour
 e - a +0 ring mail (worn)
Jewellery
 d - a +5 ring of evasion (left hand)
Wands
 h - a wand of flame (18)
 l - a wand of charming (8)
Potions
 b - 2 potions of might
 c - a potion of invisibility {unknown}
 f - a potion of resistance {unknown}
 i - a potion of lignification {unknown}
 j - a potion of magic {unknown}

Dungeon Overview and Level Annotations

Branches:
Dungeon (5/15)
 Temple: D:4-7

Altars:
Cheibriados
Xom

Shops:
D:1 *

Annotations:
D:5 1 runed translucent door, qw's ghost, novice DEHu


Message History

You shoot an arrow.
The arrow hits the gnoll sergeant but does no damage.
The gnoll sergeant is lightly wounded.
You shoot an arrow.
The arrow barely misses the gnoll sergeant.
The gnoll sergeant hits you from afar with a +2 spear of freezing!
The gnoll sergeant freezes you.
You shoot an arrow. The arrow hits the gnoll sergeant.
The gnoll sergeant is heavily wounded.
The gnoll sergeant barely misses you.
You shoot an arrow. The arrow hits the gnoll.
The gnoll is lightly wounded.
The gnoll sergeant hits you from afar with a +2 spear of freezing.
The gnoll sergeant freezes you.
You shoot an arrow. The arrow completely misses the gnoll.
The gnoll misses you.
The gnoll sergeant hits you from afar with a +2 spear of freezing!
The gnoll sergeant freezes you.
4035 ||| DRINKING potion of heal wounds.
You feel much better. The gnoll completely misses you.
The gnoll sergeant hits you from afar with a +2 spear of freezing.
The gnoll sergeant freezes you.
You shoot an arrow. The arrow hits the gnoll!
The gnoll is severely wounded.
The gnoll hits you but does no damage. The gnoll sergeant barely misses you.
You shoot an arrow.
The arrow hits the gnoll but does no damage.
The gnoll is severely wounded.
The gnoll closely misses you. The gnoll sergeant misses you.
You shoot an arrow. The arrow hits the gnoll!
You kill the gnoll!
The gnoll sergeant hits you from afar with a +2 spear of freezing!
The gnoll sergeant freezes you. The gnoll misses you.
You shoot an arrow.
The arrow hits the gnoll but does no damage.
The gnoll is moderately wounded.
The gnoll sergeant hits you from afar with a +2 spear of freezing!
The gnoll sergeant freezes you.
You die...

.. #............###.. #...
##............##.. ##....
................. ####.....
#............... .....?..#
###..........#...(
........###.#).....#.#.#....
..............#....###..#...
. ............##.............
#....#...)gg@.##.............
###..#...)##)..#.)...........
#......?./###...)............
..........# #.##)...>........
...^^^........#..............
...^_^............%.........#
....^.....##..#..........##..
#.....g..##..##..........##..
........##...###.#.##........


You could see a gnoll sergeant and a gnoll.

Vanquished Creatures
  An ogre (D:5)
  A bullfrog (D:4)
  A scorpion (D:4)
  A jelly (D:4)
  6 gnolls
  5 adders
  2 ufetubi (D:5)
  5 ribbon worms
  8 orcs
  9 ball pythons
  5 bats
  8 endoplasms
  4 giant cockroaches
  4 goblins
  7 hobgoblins
  2 jackals (D:1)
  6 kobolds
  A quokka (D:2)
  5 frilled lizards
  6 rats
87 creatures vanquished.

Notes
Turn   | Place    | Note
-------+----------+-------------------------------------------
     0 | D:1      | qw the Deep Elf Hunter began the quest for the Orb.
     0 | D:1      | Reached XP level 1. HP: 12/12 MP: 3/3
     0 | D:1      | 0 ||| qw: Version: 0.3-a-160-g6735b56
     0 | D:1      | 0 ||| qw: Game counter: 5359
     0 | D:1      | 0 ||| qw: Melee chars always use a shield: true
     0 | D:1      | 0 ||| qw: God list: Okawaru
     0 | D:1      | 0 ||| qw: Allow faded altars: false
     0 | D:1      | 0 ||| qw: Do Orc after clearing Dungeon:15 true
     0 | D:1      | 0 ||| qw: Do second Lair branch before Depths: true
     0 | D:1      | 0 ||| qw: Lair rune preference: random
     0 | D:1      | 0 ||| qw: Goals: Normal
     0 | D:1      | 0 ||| PLANNING D:1-11
   301 | D:1      | Reached XP level 2. HP: 16/16 MP: 4/4
   330 | D:1      | Reached skill level 6 in Ranged Weapons
   409 | D:1      | Found Myschac's Assorted Antiques.
   419 | D:1      | 419 ||| SHOPLISTING bone wand (84 gold, have 68).
   419 | D:1      | 419 ||| SHOPLISTING cabochon ring (105 gold, have 68).
   419 | D:1      | 419 ||| SHOPLISTING glowing helmet (157 gold, have 68).
   419 | D:1      | 419 ||| BUYING metallic brown potion (18 gold).
   419 | D:1      | Bought a metallic brown potion for 18 gold pieces
   419 | D:1      | 419 ||| BUYING scroll labelled QAENNAU NUEH (21 gold).
   419 | D:1      | Bought a scroll labelled QAENNAU NUEH for 21 gold pieces
   659 | D:1      | 659 ||| READING scroll labelled HASCHA YVIN.
   659 | D:1      | Identified a scroll of acquirement
   659 | D:1      | 659 ||| ACQUIRING +5 ring of evasion
   659 | D:1      | Acquired a +5 ring of evasion
   661 | D:1      | 661 ||| UPGRADING to +5 ring of evasion.
   662 | D:1      | 662 ||| READING 2 scrolls labelled RARAULO IWAM.
   662 | D:1      | 662 ||| IDENTIFYING lumpy green potion
   663 | D:1      | 663 ||| READING scroll of identify.
   663 | D:1      | 663 ||| IDENTIFYING 2 metallic brown potions
   664 | D:1      | 664 ||| READING scroll labelled JOSHRE LOUGAO.
   665 | D:1      | 665 ||| READING scroll labelled QOMESU CUPSA.
   766 | D:1      | 766 ||| READING scroll labelled QAENNAU NUEH.
   766 | D:1      | 766 ||| ENCHANTING +0 shortbow.
   767 | D:1      | 767 ||| DROPPING scroll of butterflies.
   768 | D:1      | 768 ||| DROPPING potion of brilliance.
   855 | D:2      | Reached XP level 3. HP: 16/20 MP: 5/5
   961 | D:2      | Found a faded altar of an unknown god.
  1006 | D:2      | Reached skill level 7 in Ranged Weapons
  1174 | D:2      | You fall into a shaft and drop 1 floor!
  1256 | D:3      | 1256 ||| UPGRADING to +0 ring mail.
  1266 | D:3      | 1266 ||| DROPPING +0 leather armour.
  1267 | D:3      | 1267 ||| READING scroll labelled ONNEAN XOPA.
  1268 | D:3      | 1268 ||| READING scroll labelled VUMERGHU PUMOS.
  1269 | D:3      | 1269 ||| DRINKING 2 coppery potions.
  1477 | D:2      | Reached XP level 4. HP: 25/25 MP: 6/6
  1512 | D:2      | 1512 ||| READING scroll labelled EBBIEV KANY.
  1743 | D:3      | Reached skill level 8 in Ranged Weapons
  1785 | D:3      | Identified the +5 short sword of Quomod {antimagic, Str+3}
  1827 | D:3      | Found a snail-covered altar of Cheibriados.
  2499 | D:4      | Reached XP level 5. HP: 27/29 MP: 7/7
  2603 | D:4      | Reached skill level 9 in Ranged Weapons
  2971 | D:4      | HP: 6/30 [scorpion (5)]
  2972 | D:4      | 2972 ||| DRINKING 2 potions of heal wounds.
  2976 | D:4      | HP: 6/30 [poisoned by a scorpion]
  2977 | D:4      | Reached XP level 6. HP: 7/36 MP: 8/8
  2981 | D:4      | HP: 3/36 [poisoned by a scorpion]
  2983 | D:4      | HP: 1/36 [poisoned by a scorpion]
  3684 | D:5      | Entered Level 5 of the Dungeon
  3779 | D:5      | Found a runed translucent door.
  3779 | D:5      | Noticed qw's ghost (novice DEHu)
  3813 | D:5      | Reached skill level 10 in Ranged Weapons
  3858 | D:5      | Found a shimmering altar of Xom.
  3867 | D:5      | 3867 ||| RETREEEEATING.
  3868 | D:5      | 3868 ||| RETREEEEATING.
  3869 | D:5      | 3869 ||| RETREEEEATING.
  3875 | D:5      | HP: 5/36 [gnoll sergeant/+2 spear of freezing (10)]
  3875 | D:5      | HP: 1/36 [gnoll sergeant/+2 spear of freezing (4)]
  3876 | D:5      | 3876 ||| READING scroll of teleportation.
  3877 | D:5      | 3877 ||| DRINKING 2 potions of heal wounds.
  3986 | D:5      | Reached skill level 3 in Dodging
  4034 | D:5      | HP: 9/36 [gnoll sergeant/+2 spear of freezing (7)]
  4035 | D:5      | 4035 ||| DRINKING potion of heal wounds.
  4039 | D:5      | HP: 3/36 [gnoll sergeant/+2 spear of freezing (12)]
  4039 | D:5      | Slain by a gnoll sergeant

Levels and vault maps discovered:
D:1:      sevenhm_arrival_forest_fort_small_4, layout_loops_ring, serial_shops,
          shop
D:2:      minmay_spotlight, layout_basic, shapermc_ecumenical_altar_acropolis
D:3:      layout_loops_ring, amcnicky_altar_gilded, minmay_misc_feat_hallway
D:4:      layout_layer_cave, saegor_snake_ambush
D:5:      layout_cave_pools, xom_teletrap_fun, ebering_ghost_reflecting_pool,
          serial_column_ruins, column_ruins_columns_corner,
          column_ruins_open_tiny, column_ruins_open_tiny,
          column_ruins_open_small, column_ruins_grid_3, column_ruins_grid_1,
          column_ruins_open_tiny

Skill      XL: |  1  2  3  4  5  6 |
---------------+-------------------+-----
Ranged Weapons | 6 7 8 9 10 | 10.0
Fighting       | 2 |  2.4
Dodging        | 3 |  3.0
Stealth        | |  1.2

Action                     |  1- 3 |  4- 6 || total
---------------------------+-------+-------++-------
   Fire: Shortbow          |   101 |   182 ||   283
    Use: Scroll            |     8 |     2 ||    10
         Potion            |     1 |     3 ||     4
 Armour: Leather armour    |    11 |       ||    11
         Ring mail         |       |    45 ||    45
  Dodge: Dodged            |    22 |    83 ||   105

Table legend:
 A = Non-vault XP
 B = Vault XP
 C = Vault XP percentage of total XP
 D = Non-vault monster count
 E = Vault monster count
 F = Vault count percentage of total count
                 A         B        C        D         E       F
            +---------+---------+-------+---------+---------+-------
      Total |     629 |      17 |   2.6 |      83 |       4 |   4.6
            +---------+---------+-------+---------+---------+-------
        D:1 |      26 |       0 |   0.0 |      15 |       0 |   0.0
        D:2 |      52 |       1 |   1.9 |      23 |       1 |   4.2
        D:3 |      98 |       0 |   0.0 |      21 |       0 |   0.0
        D:4 |     252 |      16 |   6.0 |      13 |       3 |  18.8
        D:5 |     201 |       0 |   0.0 |      11 |       0 |   0.0
            +---------+---------+-------+---------+---------+-------
